Map: Orbital Shipyard

Players

capac - Winner!

  • Race: Terran Terran
  • League: Gold

Van

  • Race: Protoss Protoss
  • League: Gold

VOD

Have the link to the VOD?

Description

Time

  • Played on: March 6, 2016, 11:44 a.m.
  • Length: 24:41
Show
View Real Time Build Order
Export as new Build Order

capac Terran - Winner!

Build Orders: MMM Bio 

Get SALT Encoding   

  12  0:00  SCV  
  13  0:12  SCV  
  14  0:18  Supply Depot  
  14  0:25  SCV  
  15  0:39  SCV  
  15  0:42  Barracks  
  16  0:46  Refinery  
  16  0:51  SCV  
  17  1:04  SCV  
  18  1:16  SCV  
  19  1:28  SCV  
  19  1:30  Barracks Reactor  
  20  1:38  Command Center  
  21  1:48  Orbital Command  
  20  2:02  Barracks  
  20  2:12  Marine x2  
  22  2:20  SCV  
  23  2:40  Factory  
  23  2:43  Supply Depot  
  23  2:49  Marine x2, SCV  
  26  2:52  Orbital Command  
  26  2:56  Barracks Tech Lab  
  25  3:06  Supply Depot  
  25  3:08  Refinery, Marine x2  
  25  3:09  SCV  
  28  3:19  Marine  
  28  3:21  Stimpack  
  28  3:25  Factory Tech Lab  
  28  3:26  Marine  
  30  3:29  SCV x2  
  30  3:31  Marine  
  33  3:46  Engineering Bay  
  33  3:51  SCV x2  
  33  3:52  Marine x2  
  33  3:53  Marine  
  38  3:56  Siege Tank  
  38  4:01  Refinery  
  41  4:06  SCV  
  41  4:07  SCV  
  43  4:10  Marine x3  
  46  4:19  Supply Depot  
  47  4:37  Barracks Reactor  
  46  4:39  Siege Tank  
  48  5:03  Barracks Reactor  
  48  5:04  Marine  
  49  5:12  Starport, Barracks  
  49  5:14  Barracks  
  49  5:22  Marine  
  45  5:40  Marine  
  45  5:54  SCV x2  
  47  5:58  Marine  
  48  6:06  SCV  
  48  6:07  SCV  
  48  6:10  Marine x2  
  52  6:11  Starport Reactor  
  52  6:16  Marine  
  52  6:18  SCV, Barracks Reactor x2  
  54  6:29  Supply Depot  
  54  6:31  Marine x2, Siege Tank, SCV x2  
  61  6:33  Marine  
  61  6:38  Supply Depot  
  62  6:41  Missile Turret  
  62  6:45  SCV x2  
  64  6:48  Marine  
  64  6:49  Medivac x2  
  64  6:51  Combat Shields  
  69  6:55  Marine  
  69  6:58  SCV  
  71  7:08  Supply Depot  
  71  7:10  Supply Depot  
  71  7:11  Marine x3  
  74  7:19  Medivac x2  
  79  7:22  SCV  
  79  7:23  SCV  
  80  7:31  Missile Turret  
  80  7:42  SCV x2  
  82  7:45  Refinery  
  82  7:46  Marine x4  
  82  7:47  Marine  
  87  7:54  SCV x2  
  89  8:11  Marine x6  
  98  8:12  Siege Tank  
  98  8:13  Medivac  
  98  8:14  Medivac  
  102  8:23  Supply Depot, Command Center  
  102  8:26  Supply Depot, Liberator x2  
  102  8:27  Supply Depot  
  102  8:32  SCV x2  
  110  8:49  Supply Depot  
  110  8:54  Supply Depot  
  108  9:17  Missile Turret  
  100  9:18  Orbital Command  
  100  9:19  Missile Turret  
  100  9:21  Missile Turret  
  95  9:30  Marine x6  
  95  9:31  Marine  
  75  9:48  Marine  
  75  9:51  Marine x5  
  81  10:03  Marine  
  82  10:14  Missile Turret  
  82  10:18  SCV  
  82  10:56  Orbital Command  
  82  11:06  SCV x2  
  82  11:11  Missile Turret  
  84  11:13  Missile Turret  
  84  11:14  Missile Turret  
  84  11:18  SCV x2  
  84  11:19  Marine x4  
  90  11:30  SCV  
  91  11:41  Terran Infantry Weapons Level 1  
  91  11:45  SCV x2  
  93  11:52  Marine x4  
  93  11:53  Marine x2  
  99  11:57  SCV x2  
  99  12:00  Refinery  
  101  12:08  SCV  
  102  12:09  SCV x2  
  102  12:13  Missile Turret  
  104  12:16  Siege Tank  
  104  12:17  Medivac x2  
  111  12:23  SCV x2  
  111  12:24  SCV  
  111  12:27  Starport  
  110  12:52  Marine x5  
  110  12:53  Marine x2  
  110  12:56  Refinery  
  110  12:57  Refinery, Medivac x2  
  121  13:09  Starport Tech Lab  
  121  13:10  Marine x3  
  124  13:13  SCV x2  
  124  13:14  Missile Turret, SCV  
  127  13:25  SCV x2  
  129  13:27  Missile Turret  
  129  13:41  Command Center  
  129  13:44  Marine  
  129  13:45  Marine x5  
  135  13:59  SCV x3  
  138  14:10  Medivac x2  
  138  14:11  SCV  
  138  14:12  Raven  
  145  14:26  Starport, Liberator  
  145  14:27  Liberator  
  145  14:29  Starport  
  145  14:31  Factory  
  145  14:33  Terran Infantry Armor Level 1  
  145  14:42  Armory  
  151  14:51  Engineering Bay  
  151  14:56  Marine  
  151  14:57  Marine x5  
  157  15:08  Liberator  
  157  15:09  Liberator  
  157  15:10  Liberator  
  157  15:19  Starport Reactor  
  166  16:23  Liberator  
  166  16:24  Liberator x3  
  119  16:30  Marine x2  
  119  16:31  Marine x5  
  98  16:33  Factory Tech Lab  
  98  16:36  Liberator  
  98  16:37  Terran Infantry Weapons Level 2, Terran Infantry Armor Level 2  
  107  16:48  Marine x4  
  107  16:49  Marine x2  
  107  16:50  Marine  
  117  17:06  Marine x5, Liberator  
  117  17:07  Marine  
  123  17:08  Marine  
  124  17:20  Starport Reactor  
  124  17:24  Marine  
  124  17:27  Barracks  
  125  17:43  Marine x4  
  125  17:44  Marine x3  
  130  17:49  Siege Tank  
  135  18:00  Medivac x2  
  135  18:01  Marine x5, Medivac x3  
  135  18:02  Marine  
  151  18:47  Medivac x5  
  155  19:01  Marine x2  
  157  19:31  Terran Infantry Armor Level 3, Marine x7, Terran Infantry Weapons Level 3  
  164  19:32  Barracks Reactor  
  164  19:48  Marine x7  
  164  19:53  Liberator  
  164  20:06  Marine x7  
  174  20:24  Marine x4  
  178  20:40  Marine x2, Siege Tank  
  178  20:41  Marine  
  178  20:42  Marine x2  
  183  21:31  Orbital Command  
  183  21:51  Barracks  
  183  21:54  Barracks  
  183  22:31  Refinery  
  183  22:35  Refinery  
  154  23:36  Marine x7  
  150  23:53  Marine  
  150  23:54  Marine x3  
  154  24:04  Marine x3  
  157  24:11  Marine x2  
  157  24:13  Barracks Reactor x2  
  159  24:20  Command Center  
Show
View Real Time Build Order
Export as new Build Order

Van Protoss 

Build Orders: Blink Stalkers 

Get SALT Encoding   

  12  0:01  Probe (Chrono Boost)  
  13  0:11  Probe (Chrono Boost)  
  14  0:20  Pylon  
  14  0:22  Probe (Chrono Boost)  
  15  0:38  Probe (Chrono Boost)  
  15  0:41  Gateway  
  16  0:44  Assimilator  
  16  0:49  Probe (Chrono Boost)  
  17  0:59  Probe (Chrono Boost)  
  17  1:01  Assimilator  
  18  1:05  Pylon  
  18  1:10  Probe (Chrono Boost)  
  19  1:20  Probe (Chrono Boost)  
  20  1:30  Cybernetics Core  
  20  1:32  Zealot (Chrono Boost)  
  22  1:37  Probe  
  23  1:48  Pylon  
  23  1:49  Probe  
  24  1:56  Zealot (Chrono Boost)  
  26  2:11  Warp Gate (Chrono Boost)  
  26  2:14  Mothership Core  
  28  2:19  Twilight Council  
  28  2:24  Stalker (Chrono Boost)  
  30  2:57  Blink (Chrono Boost)  
  30  3:04  Gateway  
  30  3:05  Gateway  
  30  3:06  Gateway  
  30  3:07  Probe  
  31  3:22  Stalker (Chrono Boost)  
  33  3:37  Pylon  
  33  3:49  Pylon  
  33  3:54  Pylon  
  33  4:11  Stalker  
  35  4:17  Nexus  
  35  4:19  Stalker  
  37  4:37  Stalker x2  
  37  4:45  Stalker  
  39  4:53  Stalker  
  41  5:03  Stalker  
  43  5:10  Stalker  
  33  5:56  Zealot x3  
  33  5:57  Probe, Zealot  
  36  6:05  Charge (Chrono Boost)  
  36  6:08  Probe  
  37  6:14  Dark Shrine  
  37  6:17  Probe  
  38  6:18  Probe  
  39  6:29  Probe  
  39  6:31  Robotics Facility  
  40  6:37  Zealot  
  40  6:39  Probe  
  42  6:46  Probe  
  44  6:50  Probe  
  45  7:00  Probe  
  45  7:07  Forge  
  46  7:11  Probe  
  47  7:18  Warp Prism (Chrono Boost)  
  47  7:22  Probe  
  49  7:27  Pylon  
  49  7:28  Assimilator  
  50  7:32  Probe  
  50  7:34  Assimilator  
  51  7:43  Probe  
  51  7:44  Gateway x2  
  51  7:47  Protoss Ground Armor Level 1 (Chrono Boost)  
  52  7:53  Probe, Gateway  
  53  8:04  Probe  
  54  8:06  Photon Cannon, Gateway  
  54  8:14  Probe, Pylon  
  54  8:16  Zealot x2  
  54  8:17  Zealot  
  54  8:19  Zealot  
  63  8:25  Probe  
  64  8:35  Probe  
  64  8:37  Immortal (Chrono Boost)  
  69  8:43  Dark Templar  
  69  8:44  Dark Templar x2  
  69  8:47  Dark Templar  
  77  8:58  Zealot  
  77  8:59  Zealot  
  81  9:12  Pylon  
  81  9:14  Pylon  
  35  10:05  Probe  
  36  10:14  Dark Templar x3  
  38  10:15  Probe  
  43  10:26  Probe  
  44  10:36  Probe  
  45  10:47  Probe  
  40  11:00  Zealot x2  
  40  11:01  Zealot x5  
  54  11:09  Probe  
  55  11:18  Photon Cannon  
  55  11:20  Probe (Chrono Boost)  
  56  11:32  Probe (Chrono Boost)  
  57  11:41  Templar Archives  
  57  11:42  Probe (Chrono Boost)  
  58  11:50  Pylon  
  58  11:52  Probe (Chrono Boost)  
  59  11:55  Immortal (Chrono Boost)  
  63  12:08  Pylon  
  63  12:10  Dark Templar x2, Zealot  
  63  12:11  Zealot  
  71  12:22  Zealot  
  73  12:23  Zealot  
  73  12:25  High Templar  
  71  12:41  Psionic Storm  
  71  12:51  Protoss Ground Armor Level 2 (Chrono Boost)  
  67  13:04  High Templar  
  69  13:06  Nexus, Pylon  
  69  13:11  High Templar  
  69  13:12  High Templar  
  73  13:13  High Templar  
  73  13:16  High Templar  
  77  13:20  High Templar  
  77  13:23  High Templar  
  81  13:31  Observer (Chrono Boost)  
  82  13:39  Pylon  
  82  13:47  Stalker  
  84  13:49  Stalker  
  86  14:02  Pylon  
  86  14:29  Robotics Bay  
  86  14:35  Gateway  
  86  14:36  Gateway  
  86  14:41  Assimilator  
  86  14:47  Assimilator  
  86  14:52  Pylon  
  86  14:58  Gateway  
  86  14:59  Gateway  
  86  15:01  Pylon  
  85  15:08  Zealot x2  
  85  15:09  Zealot x2  
  93  15:38  Photon Cannon  
  93  15:39  Gateway  
  93  15:41  Stalker x3  
  93  15:42  Stalker  
  101  15:49  High Templar  
  103  15:51  Protoss Ground Armor Level 3 (Chrono Boost), Stalker  
  103  15:53  High Templar  
  103  15:54  Zealot  
  103  15:55  Zealot  
  106  16:05  Stalker  
  84  16:32  Stalker  
  80  16:33  Stalker x2  
  80  16:47  Probe  
  81  16:58  Probe  
  82  17:02  Pylon  
  82  17:08  Probe  
  83  17:17  Stalker x4  
  83  17:18  Stalker  
  90  17:33  Photon Cannon  
  90  17:49  Stalker x3  
  90  17:50  Stalker  
  98  18:05  Protoss Ground Weapons Level 1 (Chrono Boost)  
  98  18:15  Stalker x2  
  98  18:16  Zealot x3  
  108  18:25  Zealot x2  
  112  18:47  Protoss Air Weapons Level 1 (Chrono Boost)  
  112  18:48  Probe  
  113  18:58  Stargate  
  113  18:59  Probe  
  113  19:00  Pylon  
  114  19:09  Probe  
  115  19:20  Probe  
  115  19:22  Stalker x2  
  115  19:23  Stalker  
  122  19:43  Nexus  
  122  19:46  Pylon  
  122  19:47  Pylon  
  120  20:04  Fleet Beacon  
  120  20:05  Stargate  
  120  20:15  Photon Cannon  
  120  20:16  Dark Templar  
  122  20:33  High Templar x2  
  126  20:53  Carrier  
  132  21:03  Probe  
  133  21:14  Probe  
  134  21:24  Probe  
  134  21:28  Carrier  
  141  21:35  Probe, Assimilator  
  141  21:39  Assimilator  
  142  21:41  Pylon  
  142  21:44  Pylon  
  142  22:00  Probe  
  143  22:09  Graviton Catapult (Chrono Boost)  
  143  22:18  Carrier  
  149  22:27  Gateway  
  149  22:28  Gateway  
  149  22:30  Gateway  
  149  22:31  Pylon  
  149  22:33  Pylon  
  149  22:37  Pylon  
  149  22:47  Photon Cannon  
  149  22:51  Photon Cannon  
  149  22:56  Zealot x3  
  47  23:36  Dark Templar  
  47  23:37  Dark Templar x3  
  38  23:59  Dark Templar  
  38  24:00  Dark Templar x3  
  46  24:09  Zealot x2  
  42  24:10  Zealot x2  
Tags
 
Add a new tag
Caveats
  • Supply blocks, unpowered buildings, or Contaminate may cause inaccurate times.
  • Supply counts are checked every 10 seconds.